 Dungeon Crawl Stone Soup version 0.17-a0-1805-g6093636 (webtiles) character file.

793 hexophile the Poker (level 7, -1/35 HPs)
             Began as a Spriggan Abyssal Knight on Sept 13, 2015.
             Was a Priest of Lugonu.
             Slain by a kobold
             ... wielding a +0 short sword
              (2 damage)
             ... on level 6 of the Dungeon.
             The game lasted 00:15:33 (5961 turns).

hexophile the Poker (Spriggan Abyssal Knight)       Turns: 5961, Time: 00:15:33

Health: -1/35      AC:  2    Str: 10    XL:     7   Next: 57%
Magic:  17/20      EV: 20    Int: 14    God:    Lugonu [***...]
Gold:   311        SH:  0    Dex: 15    Spells: 0 memorised, 6 levels left

rFire  + . .     SeeInvis +     f - +1 trident (curse)
rCold  x . .     Clarity  .     (armour restricted)
rNeg   + . .     SustAt   .     (shield restricted)
rPois  .         Gourm    .     (helmet restricted)
rElec  .         Spirit   .     w - +0 cloak
rCorr  .         Warding  +     (gloves unavailable)
rMut   .         Stasis   .     (boots unavailable)
MR     +....                    j - amulet of warding
Stlth  +.........               h - ring of fire
                                d - ring of magical power

@: very quick, somewhat resistant to hostile enchantments, very unstealthy
A: unfitting armour, see invisible, herbivore 3, speed 3, shaggy fur 1, slow
metabolism 2
a: Depart the Abyss, Bend Space, Banish, Renounce Religion


You were on level 6 of the Dungeon.
You worshipped Lugonu.
Lugonu was most pleased with you.
You were hungry.

You visited 1 branch of the dungeon, and saw 7 of its levels.
You visited the Abyss 1 time.

You collected 311 gold pieces.

Inventory:

Hand weapons
 f - a cursed +1 trident (weapon)
Missiles
 q - 7 silver bolts
 s - 17 bolts
Armour
 b - a +1 robe
 w - a +0 cloak (worn)
Jewellery
 d - a ring of magical power (left hand)
 g - an uncursed amulet of inaccuracy
 h - a ring of fire (right hand)
 j - an amulet of warding (around neck)
 l - an uncursed amulet of clarity
 t - an uncursed amulet of clarity
Scrolls
 i - a scroll of noise
 r - a scroll of fog
Potions
 e - a potion of might
Comestibles
 c - 2 bread rations
 k - a slice of pizza
 u - a fruit


   Skills:
 - Level 2.4 Fighting
 * Level 5.3 Polearms
 - Level 5.2 Dodging
 * Level 4.5 Invocations


You had 6 spell levels left.
You didn't know any spells.

Dungeon Overview and Level Annotations

Branches:
Dungeon (7/15)
 Temple: D:4-7

Altars:
Ashenzari
Elyvilon
Gozag
Kikubaaqudgha
Trog
Vehumet
Yredelemnul
The Shining One

Shops:
D:4 (   D:5 (

Annotations:
D:3 Robin
D:4 Eustachio, Grinder
D:5 Blork the orc, Edmund


Innate Abilities, Weirdness & Mutations

You are tiny and cannot use many weapons and most armour.
You have supernaturally acute eyesight.
You are a herbivore.
You cover ground extremely quickly.
You need consume almost no food.
You are covered in fur (AC +1).


Message History

The kobold barely misses you.
You puncture the kobold!
You kill the kobold!
Lugonu accepts your kill. The kobold closely misses you.
The black bear completely misses you.
The black bear claws you but does no damage.
The black bear completely misses you.
You hit the black bear.
The black bear is lightly wounded.
The kobold barely misses you. The black bear closely misses you.
The black bear claws you. The black bear barely misses you.
You hit the black bear but do no damage.
The black bear is lightly wounded.
The kobold hits you with a short sword.
* * * LOW HITPOINT WARNING * * *
The black bear misses you. The black bear claws you.
* * * LOW HITPOINT WARNING * * *
The black bear barely misses you. The kobold hits you with a short sword.
You die...

.#.# ##..#.# #.#
.#.# #..#.# #.#
.#.# ##.#.## #.#
.#.# #.#.. #.#
...# #.#.# #.#
#### #.#.# #.#
#...# #.# #...#
#.# #.h@# #.#
#.K># #.# #####
#.# #(# #.#
#.#########
#(........#
########.##
################.#
#.#


You could see a black bear and a kobold.

Vanquished Creatures
  A phantom (D:6)
  An ogre (D:5)
  A small abomination (Abyss:1)
  3 wights (D:6)
  Ijyb (D:2)
  A centaur skeleton (D:4)
  A hound (D:6)
  Terence (D:3)
  A worker ant (D:4)
  5 adders
  3 gnolls (D:2)
  3 worms
  An adder skeleton (D:5)
  4 giant geckos
  11 orcs
  8 bats
  16 goblins
  10 hobgoblins
  9 kobolds
  2 quokkas (D:2)
  2 ball pythons
  4 giant cockroaches
  3 giant newts
  11 jackals
  10 rats
113 creatures vanquished.

Vanquished Creatures (others)
  A big kobold (D:6)
  A centaur (D:5)
  A hound (D:4)
  An orc priest (D:5)
4 creatures vanquished.

Grand Total: 117 creatures vanquished

Notes
Turn   | Place    | Note
--------------------------------------------------------------
     0 | Abyss:1  | hexophile the Spriggan Abyssal Knight began the quest for the Orb.
     0 | Abyss:1  | Reached XP level 1. HP: 11/11 MP: 3/3
    45 | Abyss:1  | Noticed a blizzard demon
    93 | Abyss:1  | Noticed a small abomination
   130 | Abyss:1  | Killed a small abomination
   130 | Abyss:1  | Reached XP level 2. HP: 16/16 MP: 4/4
   130 | Abyss:1  | Reached XP level 3. HP: 19/19 MP: 5/5
   137 | Abyss:1  | Noticed a rakshasa
   156 | Abyss:1  | Noticed a neqoxec
   158 | D:1      | Escaped the Abyss
   218 | D:1      | Acquired Lugonu's first power
   599 | D:1      | Reached XP level 4. HP: 16/23 MP: 6/6
   920 | D:2      | Found an opulent altar of Gozag.
   920 | D:2      | Found a glowing golden altar of the Shining One.
   921 | D:2      | Found a bloodstained altar of Trog.
   946 | D:2      | Acquired Lugonu's second power
  1061 | D:2      | Found a white marble altar of Elyvilon.
  1110 | D:2      | Reached skill level 4 in Dodging
  1323 | D:2      | HP: 2/23 [gnoll/whip (7)]
  1844 | D:2      | Reached XP level 5. HP: 27/27 MP: 7/7
  2185 | D:2      | Found a basalt altar of Yredelemnul.
  2424 | D:3      | Noticed Robin
  2427 | D:3      | Noticed Ijyb
  3105 | D:2      | Killed Ijyb
  3306 | D:3      | Acquired Lugonu's third power
  3526 | D:3      | Noticed Terence
  3554 | D:3      | Killed Terence
  3554 | D:3      | Reached skill level 5 in Dodging
  3623 | D:3      | Found a radiant altar of Vehumet.
  3745 | D:4      | Found Deiwiw's Antique Weapon Shop.
  3750 | D:4      | Reached XP level 6. HP: 16/32 MP: 8/8
  4058 | D:4      | Found an ancient bone altar of Kikubaaqudgha.
  4060 | D:4      | Noticed Eustachio
  4340 | D:4      | Noticed Grinder
  4348 | D:4      | Paralysed by Grinder for 6 turns
  4369 | D:5      | Entered Level 5 of the Dungeon
  4408 | D:5      | Noticed Blork the orc
  4424 | D:5      | Found a shattered altar of Ashenzari.
  4908 | D:5      | Noticed Edmund
  4979 | D:5      | Found Tufasim's Weapon Emporium.
  5007 | D:5      | Gained mutation: You are covered in fur (AC +1). [potion of beneficial mutation]
  5241 | D:6      | Reached XP level 7. HP: 31/35 MP: 10/10
  5259 | D:6      | Reached skill level 5 in Polearms
  5265 | D:6      | HP: 3/35 [wight/enchanted trident (5)]
  5960 | D:6      | HP: 1/35 [black bear (4)]
  5961 | D:6      | Slain by a kobold

Vault maps used:
D:1:      minmay_arrival_four_houses, hex_medium, hex_large
D:2:      nicolae_overflow_quartered_altars, yredelemnul_altar_generic
D:3:      lemuel_upstairs_altar, first_bread, st_stairs_7, moated_statue,
          uniq_robin, uniq_iyjb, uniq_terence
D:4:      old_standard_altar, serial_shops, nicolae_shop_stone, uniq_grinder,
          uniq_eustachio
D:5:      corexii_shack_village, nicolae_ru_great_annihilating_truth,
          cheibrodos_ashenzari_chains, dk_noncrumbling_3,
          kennysheep_windowed_goal, uniq_blork_the_orc, uniq_edmund, uniq_pikel
D:6:      roderic_serpentine_path, minivault_1
D:7:      minmay_temple_entry_water_ring, basic_altar, minivault_25,
          grunt_livestock
Abyss:1:  evilmike_abyss_exit_13

Action                   |  1- 3 |  4- 6 |  7- 9 || total
-------------------------+-------+-------+-------++-------
Melee: Spear             |    88 |   459 |    21 ||   568
       Trident           |       |       |    33 ||    33
Invok: Depart the Abyss  |     1 |       |       ||     1
       Banish            |       |     3 |     1 ||     4
       Bend Space        |       |     1 |       ||     1
  Use: Scroll            |     3 |     8 |     1 ||    12
       Potion            |       |    10 |     2 ||    12
 Stab: Sleeping          |     2 |     4 |       ||     6
  Eat: Pizza             |       |     1 |       ||     1
       Fruit             |       |     2 |     1 ||     3
